 Dungeon Crawl Stone Soup version 0.29-a0-659-g28b9d68c38 (webtiles) character file.

Game seed: 6823011901527225619

77 PentaManta the Insei (level 4, -2/32 HPs)
             Began as a Djinni Transmuter on June 22, 2022.
             Slain by Duvessa
             ... wielding a +0 short sword
              (11 damage)
             ... on level 4 of the Dungeon.
             The game lasted 00:07:41 (4066 turns).

PentaManta the Insei (Djinni Transmuter)            Turns: 4066, Time: 00:07:42

Health: -2/32      AC:  2    Str:  9    XL:     4   Next: 58%
Gold:   163        EV: 20    Int: 17    God:
                   SH:  0    Dex: 18

rFire   . . .      SeeInvis .     - Unarmed
rCold   . . .      Faith    .   (shield currently unavailable)
rNeg    . . .      Spirit   .   (body armour currently unavailable)
rPois   ∞          Reflect  .   (helmet currently unavailable)
rElec   .          Harm     .   (cloak currently unavailable)
rCorr   .          Rampage  .   (gloves currently unavailable)
Will    .....                   (boots unavailable)
Stlth   ++........              (no amulet)
HPRegen 0.10/turn               (no ring)
MPRegen 0.00/turn               (no ring)

@: spider-form, flying
A: venomous fangs, flying, sickness immunity, tiny, (fire resistance 2), (cold
vulnerability 1), float, innate caster, HP casting, extra vitality 1
a: End Transformation


You were on level 4 of the Dungeon.
You were a venomous arachnid creature.
You visited 1 branch of the dungeon, and saw 4 of its levels.

You collected 163 gold pieces.

Inventory:

Hand Weapons
 c - a +0 dagger of venom
Missiles
 p - 3 curare-tipped darts
 q - 15 poisoned darts
Armour
 a - a +0 robe (melded)
Scrolls
 d - a scroll of fog {unknown}
 f - 2 scrolls of vulnerability {unknown}
 g - a scroll of enchant armour {unknown}
 h - 5 scrolls of identify {unknown}
 k - 4 scrolls of teleportation {unknown}
 s - a scroll of brand weapon {unknown}
Potions
 b - a potion of lignification
 e - 2 potions of cancellation {unknown}
 i - a potion of attraction {unknown}
 j - a potion of flight {unknown}
 l - 2 potions of haste {unknown}
 m - 2 potions of curing {unknown}
 n - a potion of heal wounds {unknown}
 o - a potion of berserk rage {unknown}
 r - a potion of brilliance {unknown}


   Skills:
 + Level 1.5 Fighting
 + Level 2.5 Dodging
 + Level 3.2 Unarmed Combat
 - Level 3.0 Spellcasting


You couldn't memorise any spells.
You knew the following spells:

 Your Spells              Type           Power      Damage    Failure   Level
a - Beastly Appendage     Tmut           24%        N/A       14%         1
b - Wereblood             Tmut           12%        N/A       21%         2
c - Spider Form           Tmut/Pois      12%        N/A       34%         3
d - Ice Form              Ice/Tmut       12%        N/A       67%         4
e - Summon Small Mammal   Summ           48%        N/A       14%         1
Your spell library was empty.

Dungeon Overview and Level Annotations

Branches:
Dungeon (4/15)
 Temple: D:4-7

Altars:
Vehumet

Annotations:
D:4 Dowan, Duvessa


Innate Abilities, Weirdness & Mutations

You are a venomous arachnid creature.
You have poisonous fangs.
You are tiny and dextrous.
You are flying.
Your spellcasting is less reliable in this form.
Your armour is entirely melded.
You are incapable of wielding weapons or throwing items.
You are immune to sickness and miasma.
You are immune to poison.
((Your flesh is very heat resistant. (rF++)))
((You are vulnerable to cold. (rC-)))
You float through the air rather than walking.
You learn spells naturally, not from books.
Your magical power is your life essence.
You have superior vitality. (+4 MHP)


Message History

There is a stone staircase leading up here.
You can't go down here!
You fly upwards.
There is a stone staircase leading down here.
The spell is quite dangerous to miscast (16% risk of failure)!
Continue anyway?
You turn into a venomous arachnid creature.
Your +0 robe melds into your body.
You fly downwards.
Level annotation: Dowan, Duvessa Duvessa barely misses you.
There is a stone staircase leading up here.
The ball python hisses angrily.
You hit Duvessa.
Duvessa is poisoned.
Duvessa is lightly wounded.
Duvessa closely misses you.
You hit Duvessa but do no damage.
Duvessa looks as sick as possible!
Duvessa is lightly wounded.
Duvessa hits you with a +0 short sword!
You hit the ball python.
You kill the ball python!
Duvessa hits you with a +0 short sword.
You hit Dowan.
Dowan is poisoned.
Dowan is lightly wounded.
Duvessa completely misses you.
Dowan zaps a wand.
The puff of flame misses you.
You hit Dowan but do no damage.
Dowan looks as sick as possible!
Dowan is lightly wounded.
Duvessa closely misses you.
Dowan casts a spell at Duvessa.
Duvessa seems to speed up.
You hit Dowan but do no damage.
Dowan looks as sick as possible!
Dowan is lightly wounded.
Duvessa misses you.
Dowan points at you and mumbles some strange words.
The puff of flame hits you!
* * * LOW HITPOINT WARNING * * *
Unknown command.
Duvessa completely misses you.
Duvessa gestures with her weapon.
Duvessa hits you with a +0 short sword!
You die...

#########
#.......#
#..e....#
#...se..#
#.......$...
#...........
#...........
+######...##
...+ ..# ...


You could see Duvessa (fast, very poisoned) and Dowan (extremely poisoned).

Vanquished Creatures
  2 dart slugs
  An orc (D:3)
  6 ball pythons
  4 bats
  5 endoplasms
  4 giant cockroaches
  4 goblins
  7 hobgoblins
  8 jackals
  2 quokkas
  4 frilled lizards
  10 kobolds
  5 rats
62 creatures vanquished.

Notes
Turn   | Place    | Note
-------+----------+-------------------------------------------
     0 | D:1      | PentaManta the Djinni Transmuter began the quest for the
                  | Orb.
     0 | D:1      | PentaManta set off with the following spells memorised:
                  | Beastly Appendage, Wereblood, Spider Form, Ice Form.
     0 | D:1      | Reached XP level 1. HP: 17/17 MP: 0/0
   395 | D:1      | Reached XP level 2. HP: 6/22 MP: 0/0
  1378 | D:1      | Reached XP level 3. HP: 26/27 MP: 0/0
  1378 | D:1      | Learned a level 1 spell: Summon Small Mammal
  2525 | D:2      | Reached XP level 4. HP: 25/32 MP: 0/0
  4054 | D:4      | Noticed Duvessa
  4054 | D:4      | Noticed Dowan
  4066 | D:4      | Slain by Duvessa

Illustrated notes

Levels and vault maps discovered:
D:1:      tarquinn_simple_flora_water_b, layout_basic, minmay_pentomino_q4
D:2:      layout_rooms, basic_altar, minmay_goblin_kobold_house
D:3:      layout_basic
D:4:      layout_basic, serial_rivers, chequers_serial_rivers_micro_b,
          chequers_serial_rivers_room_a, chequers_serial_rivers_micro_c,
          chequers_serial_rivers_large_b, chequers_serial_rivers_room_a,
          uniq_duvessa

Skill      XL: |  1  2  3 |
---------------+----------+-----
Spellcasting   | 2 3 |  3.0
Fighting       | |  1.5
Dodging        | |  2.5
Unarmed Combat | |  3.2

Action                   |  1- 3 |  4- 6 || total
-------------------------+-------+-------++-------
Melee: Unarmed           |   111 |    70 ||   181
       Headbutt          |    15 |     5 ||    20
       Punch             |     1 |       ||     1
 Cast: Beastly Appendage |    34 |     1 ||    35
       Spider Form       |     1 |     8 ||     9
 Stab: Sleeping          |     1 |     1 ||     2
Armor: Robe              |    12 |     2 ||    14
       Skin              |     1 |     3 ||     4
Dodge: Dodged            |    95 |    53 ||   148

Table legend: (Time is in decaauts)
 A = Elapsed time spent in this place.
 B = Non-inter-level travel time spent in this place.
 C = Inter-level travel time spent in this place.
 D = Time resting spent in this place.
 E = Time spent auto-exploring this place.
 F = Levels seen in this place.
 G = Mean time per level.
                   A        B        C        D        E       F      G
               +--------+--------+--------+--------+--------+-----+--------+
         Total |   4055 |   3996 |     59 |    388 |   3107 |   4 | 1013.8 |
       Dungeon |   4055 |   3996 |     59 |    388 |   3107 |   4 | 1013.8 |
               +--------+--------+--------+--------+--------+-----+--------+

Top non-repeatable levels by time:
     D:1: 2208 daAuts
     D:2: 1070 daAuts
     D:3: 768 daAuts
     D:4: 8 daAuts
